Cogmind - Beta 13 @@@ ROGUE MODE // 2024.04.16 @ 12:01:03 Player: Barbarossa Result: Destroyed by G-47 Trooper with Particle Gun Performance ------------- Evolutions (2) 1000 Regions Visited (4) 800 Robots Destroyed (98) 490 Value Destroyed (2715) 2715 Prototype IDs (7) 140 Alien Tech Used (0) 0 Bonus (-98) -98 TOTAL SCORE: 5047 Bonus ------- Follower Combat Kills 25 Friendly Fire -123 Cogmind --------- Core Integrity 0/550 Matter 300/300 Energy 92/100 System Corruption 2% Temperature Danger (445) Movement Core (1400) Ox27 Location -8/Materials Parts ------- > --- POWER (1) -------- (None) > --- PROPULSION (3) --- (None) > --- UTILITY (4) ------ Huge Storage Unit Hacking Suite > --- WEAPON (3) ------- Advanced Beam Cannon > --- INVENTORY (25) --- Nuclear Core Light Treads Light Treads Light Treads Light Treads Titanium Leg Cryofiber Web Cryofiber Web Improved Heat Sink Improved Cooling System Huge Storage Unit Huge Storage Unit Transport Network Coupler Weapon Cycler Hacking Suite System Shield Heavy Particle Cannon Rocket Launcher Missile Launcher Peak State ------------ > --- POWER ------------ Light Deuterium Engine > --- PROPULSION ------- Aluminum Leg Titanium Leg Cooled VTOL Module > --- UTILITY ---------- Cryofiber Web Improved Heat Sink Huge Storage Unit Hacking Suite > --- WEAPON ----------- High-powered Shotgun High-powered Shotgun Scythe > --- INVENTORY -------- Improved Ion Engine Light Nuclear Core Armored Treads Cryofiber Web Cryofiber Web Huge Storage Unit Huge Storage Unit Weight Redist. System Transport Network Coupler Improved Medium Armor Plating Hacking Suite System Shield Shock Rifle Field Laser Light EM Pulse Cannon Heavy Particle Cannon Heavy Particle Cannon Heavy Particle Cannon Heavy Assault Rifle Improved Light Cannon Improved Light Cannon Rocket Launcher Missile Launcher [Rating: 36] Favorites ----------- Power Light Deuterium Engine Engine Light Deuterium Engine Power Core Light Nuclear Core Propulsion Light Treads Treads Light Treads Leg Aluminum Leg Wheel Compact Wheel Flight Unit Cooled VTOL Module Utility Hacking Suite Device Improved Heat Sink Storage Huge Storage Unit Hackware Hacking Suite Protection Improved Medium Armor Plating Weapon High-powered Shotgun Energy Gun EM Pulse Gun Energy Cannon Advanced Beam Cannon Ballistic Gun High-powered Shotgun Ballistic Cannon Improved Light Cannon Launcher Rocket Launcher Slashing Weapon Scythe Build | -11 -10 -9 -9 -8 ------- Run | Yrd Mat Mat Min Mat Slots Evolved 4 | . . 2 . 2 Power . | . . . . . Propulsion 1 | . . 1 . . Utility 2 | . . 1 . 1 Weapon 1 | . . . . 1 Parts Attached 87 | . 5 28 . 54 Power 7 | . 1 3 . 3 Engine 6 | . 1 3 . 2 Core 1 | . . . . 1 Reactor . | . . . . . Propulsion 31 | . 2 8 . 21 Treads 21 | . . 8 . 13 Leg 4 | . 2 . . 2 Wheel 5 | . . . . 5 Hover . | . . . . . Flight 1 | . . . . 1 Utility 19 | . 2 5 . 12 Device 11 | . 1 3 . 7 Storage 5 | . 1 2 . 2 Processor . | . . . . . Hackware 1 | . . . . 1 Protection 2 | . . . . 2 Artifact . | . . . . . Weapon 30 | . . 12 . 18 Energy Gun 8 | . . 5 . 3 Energy Cannon 6 | . . 1 . 5 Ballistic Gun 9 | . . 2 . 7 Ballistic Cannon 5 | . . 3 . 2 Launcher 1 | . . 1 . . Special Weapon . | . . . . . Impact Weapon . | . . . . . Slashing Weapon 1 | . . . . 1 Piercing Weapon . | . . . . . Special Melee Weapon . | . . . . . Unidentified Prototypes 5 | . . 3 . 2 Corrupted Parts 1 | . 1 . . . System Corruption 1 | . 1 . . . Parts Lost 29 | . . 4 . 25 Power 3 | . . . . 3 Propulsion 9 | . . 1 . 8 Utility 4 | . . 1 . 3 Weapon 13 | . . 2 . 11 Highest Loss Streak 12 | . . 3 . 12 To Critical Strikes . | . . . . . Average Slot Usage (%) 89 | . 89 87 100 88 Engine 9 | . 14 10 11 7 Treads 17 | . . 17 33 16 Leg 5 | . 28 7 . 3 Device 15 | . 3 11 22 16 Storage 11 | . 14 18 11 9 Hackware 5 | . . . . 9 Energy Gun 2 | . 14 4 . 1 Energy Cannon 2 | . . 4 . 2 Ballistic Gun 11 | . 14 7 . 13 Ballistic Cannon 4 | . . 4 22 3 Slashing Weapon 3 | . . . . 4 Naked Turns . | . . . . . Heaviest Build 103 | 14 20 27 27 103 Greatest Support 66 | 20 20 66 66 60 Greatest Overweight (x) 31 | . . 2 . 31 Average Overweight (x) 1 | . . . . 2 Largest Inventory Capacity 25 | 8 10 10 10 25 Average Capacity 17 | 8 8 10 10 22 Most Carried 25 | 6 10 10 10 25 Average Carried 15 | 6 7 9 10 19 Final Capacity 25 | 8 10 10 10 25 Final Carried 19 | 6 10 10 10 19 Class Distribution -------------------- 58% | Mutant 17% | Scavenger-Gunner 16% | Scavenger-Mutant 3% | Gunner Dominant Class ---------------- Mutant | -10/Materials Mutant | -9/Materials Mutant | -9/Mines Mutant | -8/Materials Resources | -11 -10 -9 -9 -8 ----------- Run | Yrd Mat Mat Min Mat Matter Collected 2824 | 200 141 441 264 1778 Remotely . | . . . . . Salvage Created 3743 | . 305 926 164 2348 Parts 199 | . 19 53 6 121 Haulers Intercepted 10 | . 1 4 . 5 Recyclers Shooed 7 | . . 3 . 4 Parts Field Recycled . | . . . . . Retrieved Matter . | . . . . . Parts Self-Destructed . | . . . . . Prevented . | . . . . . Kills | -11 -10 -9 -9 -8 ------- Run | Yrd Mat Mat Min Mat Combat Hostiles Destroyed 51 | . 6 13 1 31 Guns 34 | . 6 7 . 21 Cannons 16 | . . 6 1 9 AOE 1 | . . . . 1 Classes Destroyed 12 | . 5 4 1 2 Worker 8 | . . . 1 7 Builder 5 | . . 3 . 2 Hauler 10 | . 1 4 . 5 Recycler 11 | . . 1 1 9 Operator 4 | . 1 2 . 1 Watcher 8 | . 1 3 . 4 Swarmer 2 | . 2 . . . Grunt 36 | . 4 9 2 21 Brawler 1 | . . 1 . . Sentry 6 | . . 3 . 3 Specialist 6 | . . . . 6 Hunter 1 | . . . . 1 Best Kill Streak 5 | . 3 5 3 3 Combat Bots Only 3 | . 2 3 1 3 Max Kills in Single Turn 2 | . 1 2 2 2 Gunslinging . | . . . . . Exploded 1 | . . . . 1 Melee . | . . . . . Uniques/NPCs Destroyed . | . . . . . Combat | -11 -10 -9 -9 -8 -------- Run | Yrd Mat Mat Min Mat Hostile Shots Fired 447 | . 37 98 4 308 Missed 102 | . 13 24 2 63 Damage Taken 6112 | . 261 1124 31 4696 Core 744 | . 43 144 . 557 Absorbed by Shields . | . . . . . Regen/Repaired (Parts) 94 | . . . . 94 Core Remaining (%) 82 | 100 82 . 64 . Volleys Fired 311 | . 36 93 5 177 Largest 3 | . 2 2 2 3 Hottest 178 | . 60 95 78 178 Shots Fired 643 | . 67 178 11 387 Gun 448 | . 67 111 . 270 Cannon 195 | . . 67 11 117 Launcher . | . . . . . Special . | . . . . . Kinetic 453 | . 31 102 11 309 Thermal 66 | . . 29 . 37 Explosive . | . . . . . Electromagnetic 124 | . 36 47 . 41 Robot Hit Streak 13 | . 8 13 3 12 Robot Miss Streak 16 | . 4 5 1 16 Penetration Max 1 | . . . . 1 Secondary Targets 2 | . . 1 . 1 Max Gunslinging Chain 1 | . . 1 . 1 Shots Hit Robots 386 | . 36 95 7 248 Core Hits 151 | . 14 32 4 101 Critical Kills 3 | . . . . 3 Critical Parts Destroyed 1 | . . . . 1 Critical Strikes 13 | . 2 4 . 7 Burn 1 | . . 1 . . Meltdown 1 | . . . . 1 Destroy 3 | . . . . 3 Blast 5 | . . 2 . 3 Corrupt 3 | . 2 1 . . Melee Attacks 11 | . . . . 11 Impact . | . . . . . Slashing 11 | . . . . 11 Piercing . | . . . . . Sneak Attacks 10 | . . . . 10 Combat Hostiles . | . . . . . Follow-up Attacks . | . . . . . Damage Inflicted 7953 | . 526 1722 179 5526 Guns 4579 | . 475 969 . 3135 Cannons 2414 | . . 706 179 1529 Explosions 316 | . 51 34 . 231 Melee 623 | . . . . 623 Ramming 21 | . . 13 . 8 Kinetic 5087 | . 187 945 179 3776 Thermal 1017 | . 51 272 . 694 Explosive . | . . . . . Electromagnetic 1205 | . 288 492 . 425 Impact . | . . . . . Slashing 623 | . . . . 623 Piercing . | . . . . . Highest Corruption 4 | . 1 4 4 2 Average Corruption 2 | . 1 4 4 1 Corruption Purged . | . . . . . Corruption Blocked . | . . . . . Effects 78 | . 3 13 9 53 Message Errors 21 | . 1 2 3 15 Matter Fused 25 | . 2 6 . 17 Heat Flow Errors 8 | . . 1 . 7 Energy Discharges 6 | . . . . 6 Parts Rejected 3 | . . 1 . 2 Data Loss (minor) 7 | . . 1 3 3 Data Loss (major) 3 | . . 1 2 . Misfires 3 | . . 1 1 1 Alerts 1 | . . . . 1 Weapon Failures 1 | . . . . 1 Overload Shots . | . . . . . Overflow Damage 64 | . . 13 . 51 Projectiles 13 | . . 13 . . Explosions . | . . . . . Melee 51 | . . . . 51 Knockbacks 11 | . . . 3 8 Impact . | . . . . . Kinetic 10 | . . . 2 8 Secondary 1 | . . . 1 . Self-Inflicted Damage 74 | . 15 . . 59 Shots 2 | . 1 . . 1 Rammed 7 | . . 4 . 3 Targets Rammed 8 | . . 5 . 3 Kicked 1 | . . 1 . . Crushed . | . . . . . Highest Temperature 436 | . 12 244 30 436 Average Temperature 79 | . 9 74 15 100 Received Heat Transfer 2220 | . 102 444 18 1656 Effects 3 | . . . . 3 Shutdowns 1 | . . . . 1 Interference 1 | . . . . 1 Damage (minor) 1 | . . . . 1 Siege Activations . | . . . . . Robots Corrupted 1 | . . 1 . . Combat Hostiles . | . . . . . Parts Fried 6 | . 1 3 . 2 Impact Corruptions . | . . . . . Robots Melted 1 | . . . . 1 Combat Hostiles . | . . . . . Parts Melted 4 | . . 1 . 3 Heat Transferred 1780 | . 50 642 . 1088 Parts Sabotaged . | . . . . . Parts Stolen . | . . . . . Parts Stripped . | . . . . . Power Chain Reactions 4 | . 1 1 . 2 Alert | -11 -10 -9 -9 -8 ------- Run | Yrd Mat Mat Min Mat Peak Influence 406 | . 275 229 104 406 Initial 115 | . . 115 82 . Average 156 | . 181 116 65 178 Maximum Alert Level 2 | . 1 1 . 2 Low Security (%) 69 | 100 47 72 100 66 Level 1 29 | . 52 27 . 32 Level 2 . | . . . . 1 Level 3 . | . . . . . Level 4 . | . . . . . Level 5 . | . . . . . High Security . | . . . . . Max Security . | . . . . . Squads Dispatched 12 | . 2 3 . 7 Investigation 2 | . . . . 2 Extermination . | . . . . . Reinforcement 10 | . 2 3 . 5 Assault . | . . . . . Garrison . | . . . . . Intercept . | . . . . . Searches Triggered . | . . . . . Construction Impeded . | . . . . . Haulers Reinforced . | . . . . . Active Scanning Responses . | . . . . . Cargo Convoy Interrupts . | . . . . . Stealth | -11 -10 -9 -9 -8 --------- Run | Yrd Mat Mat Min Mat Distress Signals 5 | . 1 1 . 3 Communications Jammed . | . . . . . Distress Signals . | . . . . . Times Spotted 95 | . 14 28 2 51 Peak Tracking Total 5 | . 4 5 2 4 Tactical Retreats 7 | . 1 . . 6 Traps | -11 -10 -9 -9 -8 ------- Run | Yrd Mat Mat Min Mat Traps Triggered 3 | . . . . 3 Indirectly . | . . . . . Trap Hack Attempts . | . . . . . Triggered . | . . . . . Disarmed . | . . . . . Reprogrammed . | . . . . . Reused . | . . . . . Traps Extracted . | . . . . . Installed . | . . . . . Triggered . | . . . . . Machines | -11 -10 -9 -9 -8 ---------- Run | Yrd Mat Mat Min Mat Machines Disabled 14 | . 2 5 . 7 Max in Single Turn 1 | . 1 1 . 1 Garrison Access 1 | . . . . 1 Machines Repaired . | . . . . . Machines Dismantled . | . . . . . Machines Sabotaged . | . . . . . Overloaded Fab Kills . | . . . . . Hacking | -11 -10 -9 -9 -8 --------- Run | Yrd Mat Mat Min Mat Machines Accessed 12 | . 2 3 . 7 Terminals 9 | . 2 2 . 5 Fabricators . | . . . . . Repair Stations 1 | . . . . 1 Recycling Units 1 | . . 1 . . Scanalyzers . | . . . . . Garrison Access 1 | . . . . 1 Total Hacks 29 | . 4 6 . 19 Successful 20 | . 3 4 . 13 Failed 9 | . 1 2 . 6 Catastrophic . | . . . . . Database Lockouts . | . . . . . Manual 16 | . 2 4 . 10 Terminals 21 | . 4 3 . 14 Fabricators . | . . . . . Repair Stations 3 | . . . . 3 Recycling Units 3 | . . 3 . . Scanalyzers . | . . . . . Garrison Access 2 | . . . . 2 Terminal Hacks 6 | . 1 . . 5 Record 1 | . . . . 1 Prototype ID Bank 1 | . . . . 1 Alert Level 1 | . . . . 1 Unreport Threat 1 | . . . . 1 Maintenance Status 1 | . . . . 1 Zone Layout 1 | . 1 . . . Fabricator Hacks . | . . . . . Repair Station Hacks 3 | . . . . 3 Scan Component 2 | . . . . 2 Repair 1 | . . . . 1 Recycling Unit Hacks 3 | . . 3 . . Process 1 | . . 1 . . Report Inventory 1 | . . 1 . . Retrieve Matter 1 | . . 1 . . Scanalyzer . | . . . . . Garrison Access Hacks 1 | . . . . 1 Coupler Status 1 | . . . . 1 Unauthorized Hacks 7 | . 2 1 . 4 Terminals 6 | . 2 1 . 3 Botnet 6 | . 2 1 . 3 Fabricators . | . . . . . Repair Stations . | . . . . . Recycling Units . | . . . . . Scanalyzers . | . . . . . Garrison Access 1 | . . . . 1 Jam 1 | . . . . 1 Data Cores Recovered . | . . . . . Used . | . . . . . Hacking Detections 5 | . . 1 . 4 Full Trace Events . | . . . . . Feedback Events . | . . . . . Feedback Blocked . | . . . . . Robot Schematics Acquired . | . . . . . Robots Built . | . . . . . Authchips . | . . . . . Time . | . . . . . Total Robot Build Rating . | . . . . . Part Schematics Acquired . | . . . . . Parts Built . | . . . . . Authchips . | . . . . . Time . | . . . . . Total Part Build Rating . | . . . . . Parts Repaired 1 | . . . . 1 Time 26 | . . . . 26 Parts Recycled . | . . . . . Recycled Matter 98 | . . 98 . . Retrieved Matter 98 | . . 98 . . Retrieved Components . | . . . . . Parts Scanalyzed . | . . . . . Part Schematics Acquired . | . . . . . Parts Damaged . | . . . . . Bothacking | -11 -10 -9 -9 -8 ------------ Run | Yrd Mat Mat Min Mat Used RIF Installer . | . . . . . Robots Hacked . | . . . . . Non-combat . | . . . . . Combat . | . . . . . Robot Hacks Applied . | . . . . . Relay Couplers Released . | . . . . . Fabnet Peak Effective % . | . . . . . Robots Rewired . | . . . . . Allies Hacked . | . . . . . Hacks Repelled . | . . . . . Allies | -11 -10 -9 -9 -8 -------- Run | Yrd Mat Mat Min Mat Total Allies 3 | . . . 3 . Largest Group 3 | . . . 3 . Highest-Rated Group 40 | . . . 40 . Highest-Rated Ally 16 | . . . 16 . Total Orders . | . . . . . Ally Attacks 16 | . . . 16 . Total Damage 131 | . . . 131 . Kills 1 | . . . 1 . Allies Corrupted . | . . . . . Allies Melted . | . . . . . Intel | -11 -10 -9 -9 -8 ------- Run | Yrd Mat Mat Min Mat Robot Analysis Total . | . . . . . Derelict Logs Recovered 1 | . . . 1 . Drone Launches . | . . . . . Drone Recoveries . | . . . . . Exploration | -11 -10 -9 -9 -8 ------------- Run | Yrd Mat Mat Min Mat Turns Passed 6170 | 3 363 1348 503 3953 Spaces Moved 2081 | 3 185 570 279 1044 Core 21 | . . . . 21 Treads 1415 | . . 293 279 843 Legs 597 | 3 185 277 . 132 Wheels 48 | . . . . 48 Hover . | . . . . . Flight . | . . . . . Fastest Speed 120 | 120 120 120 160 135 Average Speed 233 | 120 120 169 160 307 Slowest Speed 1600 | 120 120 260 160 1600 Overloaded Moves . | . . . . . Propulsion Burnouts . | . . . . . Robots Hopped . | . . . . . Cave-ins Triggered 1 | . . 1 . . Exploration Rate (%) 42 | 2 40 48 61 63 Regions Visited 4 Branch Regions 1 Pre-discovered Areas 1 | . . . 1 . Known Exits Taken . | . . . . . Unknown Exits Taken 4 | 1 1 1 1 . Scrap Searched . | . . . . . Spaces Dug . | . . . . . Terrain Destroyed 33 | . 2 11 . 20 Melee . | . . . . . Projectile 10 | . . 2 . 8 AOE 23 | . 2 9 . 12 Terrain Rammed . | . . . . . Walls Destroyed . | . . . . . Machines Disabled . | . . . . . Actions | -11 -10 -9 -9 -8 --------- Run | Yrd Mat Mat Min Mat Total 2791 | 2 259 776 326 1428 Wait 162 | . 22 38 41 61 Move 2077 | 2 184 569 278 1044 Hop . | . . . . . Pick Up 73 | . 8 16 1 48 Fast Attach 23 | . 1 12 . 10 Attach 38 | . 1 6 . 31 Detach . | . . . . . Swap 26 | . 3 10 . 13 Drop 62 | . 4 27 1 30 Fire 311 | . 36 93 5 177 Melee 11 | . . . . 11 Ram . | . . . . . Kick 1 | . . 1 . . Crush 7 | . . 4 . 3 Escape Stasis . | . . . . . Rewire . | . . . . . Trap . | . . . . . Miscellaneous . | . . . . . Route ------- -11/Scrapyard -10/Materials (discovered 2 exits: *Mat / [*Min]) -9/Materials -9/Mines (discovered 2 exits: *Mat x2) -8/Materials (discovered 3 exits: [*Fac] / [*Sto x2]) History --------- Turn | Location | Event 1 | -11/Scrapyard | Discovered new exit (range 3) 4 | -11/Scrapyard | Entered Materials 125 | -10/Materials | Discovered new exit (range 14) 338 | -10/Materials | Discovered new exit (range 8) 367 | -10/Materials | Entered another Materials area 367 | -9/Materials | Evolved 2 slots: Propulsion x1, Utility x1 590 | -9/Materials | Build established: Scavenger-Mutant 646 | -9/Materials | Lost 3 parts (1n1u1w) 900 | -9/Materials | Build established: Mutant 1235 | -9/Materials | Crushed by falling debris 1664 | -9/Materials | Discovered new exit (range 16) 1715 | -9/Materials | Entered Mines 2026 | -9/Mines | Assisted by bots powering up and referring to "LRC-V3" 2048 | -9/Mines | Discovered new exit (range 8) 2114 | -9/Mines | Lost 3 allies 2152 | -9/Mines | Discovered new exit (range 12) 2218 | -9/Mines | Entered Materials 2218 | -8/Materials | Evolved 2 slots: Utility x1, Weapon x1 2376 | -8/Materials | Repaired Lgt. Treads 2926 | -8/Materials | Build established: Scavenger-Gunner 3652 | -8/Materials | Discovered new exit (range 5) 3767 | -8/Materials | Lost 4 parts (2n2w) 4019 | -8/Materials | Build established: Mutant 4928 | -8/Materials | Discovered new exit (range 12) 5180 | -8/Materials | Build established: Scavenger-Mutant 5881 | -8/Materials | Discovered new exit (range 5) 5917 | -8/Materials | Core integrity fell below 50% 5949 | -8/Materials | Core integrity fell below 20% 5979 | -8/Materials | Lost 4 parts (3n1w) 6171 | -8/Materials | Destroyed by G-47 Trooper with Particle Gun Last Messages --------------- 06157_ Knocked back. 06158_ Imp. Medium Armor Plating destroyed. 06158_ Slug penetrates Wall. 06158_ U-05 Engineer builds a Wall. 06162_ Critical hit (Burn: +37). 06162_ R-06 Scavenger collects Lgt. Nuclear Core. 06163_ Knocked back. 06164_ Acquired 8 matter. 06164_ Slug penetrates H-61 Shepherd. 06164_ R-06 Scavenger destroyed. 06165_ Acquired 1 matter. 06165_ Critical hit (Burn: +37). 06165_ R-06 Scavenger collects Lgt. Treads. 06168_ Lgt. Nuclear Core destroyed. 06168_ Gauss Rifle destroyed. 06168_ Knocked back. 06169_ Overheating: Adv. Beam Cannon damaged (-18). 06170_ R-06 Scavenger collects Com. Wheel. Map ----- +----------------------------------------------------+ | ????########?????????????????? | | ????# #??????????????#### | | ????#""" !#??????????????# | | ????#""" #??????????????# | | ????#""" ! #????????####### | | ????#""" #???????##!!!!## | | ????# #???????#! !# | | ????####+###???????# # | | ?????# #?######## #] ! | | ?????# ### # ##+# | | ?????# + """ # ^ ^ ] | | ?????# ### """ + = | | ?????# #?# """ # | | ######## ###?#! # ! | | # [# ##??# # """ | | # "" # ############ """ | | # "" %+ [ ^""" | | #! "" !# ########?#### | | # !# ######??????# ^ | | # # # #??????# """ | | ######## # #??????# """ | | ????#### # =#??????+ """ | | ????# u + !#??????# | | ????# # #??????# | | ???## ############# | | ???##@% % #### | | ????# % #####+##=#####+???# | | ????# g ## =%[#??????????+ | | ????# r% ## #??????????### | | ????# ##### #????????????? | | ????#H##??# #????????????? | | ????#%#???#######????????????? | | ????!%*??????????????????????? | | ??? u ?????????????????????? | | ??# < ?????????????????????? | | ??# #????????????????????? | | ??# #????????????????????? | | ??#"#####????????????????????? | | ??##?????????????????????????? | | ?????????????????????????????? | | ?????????????????????????????? | | ?????????????????????????????? | | ?????????????????????????????? | | ?????????????????????????????? | | ?????????????????????????????? | | ?????????????????????????????? | | ?????????????????????????????? | | ?????????????????????????????? | | ?????????????????????????????? | | ?????????????????????????????? | +----------------------------------------------------+ Best States ------------- Heat Dissipation 45 Coolant Potential 50 Energy Generation 14 Energy Capacity 380 Matter Stores 300 Matter Capacity 300 Sight Range 16 Robot Scan Range 14 Terrain Scan Density 10 ECM Strength 1 Additional Mass Support 6 Base Temperature (-) 100 Armor Coverage 225 Evasion (%) 55 Recoil Reduction 3 Offensive Hacking 10 Trap Extractor Capacity 4 Item Schematics ----------------- None Robot Schematics ------------------ None Fabricated ------------ Nothing Alien Tech Used ----------------- None Achievements -------------- None Challenges ------------ None Game ------ Seed ZioniteDroneFacilitator Manual? 0 Play Time 00:57:48 Cumulative 96.2 hours Start 2024.04.15 @ 17:21:15 End 2024.04.16 @ 12:01:03 Sessions 3 Manual Loads 0 Difficulty Rogue Special Mode None Game No. 198 Rogue 198 Adventurer 0 Explorer 0 Win Type - Total 0 Types 0/0/0/0/0/0/0/0/0 Lore% 29 Gallery% 38 Achievement% 26 Wizard Run 0 Options --------- Layout 1 ASCII 0 Keyboard 0 Movement Mouse Keybinds 0 Fullscreen 1 Font 24/Smallcaps Map View 50x40 Zoom Use 0% Tactical HUD 1 Map Filters NONE Filters NONE Steam 1 RUN: 18bb4de9-33eb-4ece-afe7-2decb2036780